[ PARTIDA AOE2 · #504734156 ]
UnrankedGeorgianos vs Khmer
Equipo del jugador · VICT
Equipo rival · DERR
[ ANÁLISIS DE REPETICIÓN · EXTRAÍDO DE LA PARTIDA GRABADA ]
Feudal
13:53
Castillos
17:27
Imperial
36:37
| APM promedio | 66.9 |
| APM pico | 135 |
| eAPM promedio | 42.1 |
| Aldeanos / militares | 230 / 107 |
Foco
⚔️ 55.9% · 🌾 44.1%
Monaspa ×57 · Cavalry Archer ×27 · Trebuchet (Packed) ×8 · Mangonel ×5 · Monk ×4 · Militia ×3
Feudal
11:47
Castillos
19:19
Imperial
34:21
| APM promedio | 67.7 |
| APM pico | 121 |
| eAPM promedio | 33.6 |
| Aldeanos / militares | 153 / 161 |
Foco
⚔️ 33.9% · 🌾 66.1%
Spearman ×56 · Battle Elephant ×38 · Knight ×36 · Archer ×18 · Mangonel ×6 · Monk ×4
Mapa de la partida
Recursos iniciales + cada clic de construcción. Líneas = muros · curvas = relieve. ◆ oro · ⬟ piedra · ● bayas · ✦ reliquia · ◌ hueco del cierre
Tu base· ✓ Cerrada en 17:27 · 44t muro · 1 puerta(s)
Base de sansarr_· ✓ Cerrada en 19:19 · 84t muro · 1 puerta(s)
Terreno inicial suavizado · ◌ = hueco del cierre detectado · pasá el cursor para detalles
Inputs por minuto
— HaraKiri_aoe - - sansarr_
Build order — HaraKiri_aoe
Primeras 150 de 568 acciones detectadas
| 0:00 | Crear | Villager (Male) |
| 0:01 | Crear | Villager (Male) |
| 0:01 | Crear | Villager (Male) |
| 0:03 | Construir | House |
| 0:04 | Construir | House |
| 0:05 | Crear | Villager (Male) |
| 1:08 | Crear | Villager (Male) |
| 1:40 | Crear | Villager (Male) |
| 2:36 | Crear | Villager (Male) |
| 2:55 | Crear | Villager (Male) |
| 3:23 | Crear | Villager (Male) |
| 3:52 | Investigar | Loom |
| 4:04 | Construir | House |
| 4:04 | Construir | House |
| 4:15 | Construir | Barracks |
| 4:18 | Crear | Villager (Male) |
| 4:43 | Crear | Villager (Male) |
| 5:00 | Construir | Mule Cart |
| 5:19 | Crear | Villager (Male) |
| 5:25 | Crear | Militia |
| 5:40 | Construir | House |
| 5:43 | Construir | Palisade Wall |
| 5:48 | Crear | Villager (Male) |
| 6:08 | Crear | Villager (Male) |
| 6:09 | Crear | Villager (Male) |
| 6:20 | Crear | Militia |
| 6:34 | Construir | Mill |
| 6:40 | Crear | Villager (Male) |
| 6:50 | Crear | Militia |
| 7:02 | Crear | Villager (Male) |
| 7:07 | Construir | Palisade Wall |
| 7:10 | Construir | House |
| 7:12 | Construir | Palisade Wall |
| 7:13 | Construir | Palisade Wall |
| 7:30 | Crear | Villager (Male) |
| 7:38 | Construir | Palisade Wall |
| 7:40 | Construir | Palisade Wall |
| 7:42 | Crear | Villager (Male) |
| 7:49 | Crear | Villager (Male) |
| 8:04 | Construir | Palisade Wall |
| 8:27 | Crear | Villager (Male) |
| 8:32 | Construir | Farm |
| 8:53 | Crear | Villager (Male) |
| 8:57 | Construir | Palisade Wall |
| 9:08 | Crear | Villager (Male) |
| 9:12 | Crear | Villager (Male) |
| 9:14 | Crear | Villager (Male) |
| 9:25 | Crear | Villager (Male) |
| 9:25 | Crear | Villager (Male) |
| 9:39 | Construir | Mill |
| 9:42 | Construir | Mill |
| 9:51 | Crear | Villager (Male) |
| 9:54 | Construir | Farm |
| 10:10 | Crear | Villager (Male) |
| 10:13 | Construir | Mule Cart |
| 10:27 | Crear | Villager (Male) |
| 11:04 | Crear | Villager (Male) |
| 11:11 | Construir | Farm |
| 11:16 | Crear | Villager (Male) |
| 11:31 | Crear | Villager (Male) |
| 11:43 | Investigar | Feudal Age |
| 11:58 | Construir | Palisade Wall |
| 12:07 | Construir | House |
| 13:19 | Construir | House |
| 13:35 | Crear | Villager (Male) |
| 13:53 | Edad | Edad Feudal |
| 13:58 | Construir | Market |
| 13:58 | Crear | Villager (Male) |
| 14:07 | Construir | Blacksmith |
| 14:43 | Construir | Farm |
| 14:48 | Investigar | Castle Age |
| 14:58 | Crear | Spearman |
| 15:21 | Investigar | Double-Bit Axe |
| 15:48 | Crear | Villager (Male) |
| 15:49 | Construir | Farm |
| 16:22 | Construir | House |
| 16:24 | Crear | Villager (Male) |
| 16:29 | Construir | Palisade Gate |
| 16:30 | Crear | Villager (Male) |
| 16:47 | Construir | Mule Cart |
| 17:21 | Crear | Villager (Male) |
| 17:22 | Construir | Farm |
| 17:23 | Crear | Villager (Male) |
| 17:27 | Edad | Edad de los Castillos |
| 17:30 | Construir | Town Center |
| 17:35 | Crear | Villager (Male) |
| 17:43 | Construir | Town Center |
| 17:55 | Investigar | Bow Saw |
| 18:06 | Construir | Palisade Gate |
| 18:09 | Construir | Palisade Wall |
| 18:16 | Crear | Villager (Male) |
| 18:25 | Crear | Villager (Male) |
| 18:30 | Construir | Palisade Wall |
| 18:34 | Crear | Villager (Male) |
| 18:35 | Construir | Farm |
| 18:37 | Construir | Farm |
| 18:38 | Construir | Farm |
| 18:50 | Construir | Farm |
| 18:52 | Construir | Farm |
| 18:55 | Crear | Villager (Male) |
| 18:56 | Crear | Villager (Male) |
| 18:59 | Crear | Villager (Male) |
| 19:00 | Construir | Farm |
| 19:06 | Crear | Villager (Male) |
| 19:06 | Crear | Villager (Male) |
| 19:08 | Crear | Villager (Male) |
| 19:12 | Construir | Farm |
| 19:14 | Crear | Villager (Male) |
| 19:16 | Crear | Villager (Male) |
| 19:34 | Crear | Villager (Male) |
| 19:37 | Construir | Farm |
| 19:39 | Construir | Farm |
| 19:45 | Crear | Villager (Male) |
| 19:49 | Construir | Farm |
| 19:57 | Construir | House |
| 19:58 | Construir | House |
| 20:00 | Crear | Villager (Male) |
| 20:12 | Construir | Farm |
| 20:17 | Crear | Villager (Male) |
| 20:25 | Construir | Siege Workshop |
| 20:35 | Crear | Villager (Male) |
| 20:44 | Construir | Monastery |
| 20:46 | Crear | Villager (Male) |
| 20:48 | Construir | Farm |
| 20:55 | Construir | Farm |
| 21:08 | Crear | Villager (Male) |
| 21:12 | Construir | Farm |
| 21:13 | Crear | Villager (Male) |
| 21:14 | Crear | Villager (Male) |
| 21:24 | Crear | Mangonel |
| 21:28 | Crear | Villager (Male) |
| 21:42 | Construir | Farm |
| 21:42 | Construir | Farm |
| 21:44 | Crear | Villager (Male) |
| 21:48 | Crear | Villager (Male) |
| 21:53 | Construir | Farm |
| 22:05 | Construir | Mule Cart |
| 22:05 | Crear | Villager (Male) |
| 22:13 | Construir | House |
| 22:14 | Construir | House |
| 22:15 | Crear | Villager (Male) |
| 22:15 | Construir | Farm |
| 22:24 | Crear | Villager (Male) |
| 22:29 | Crear | Villager (Male) |
| 22:36 | Crear | Mangonel |
| 22:42 | Crear | Villager (Male) |
| 22:42 | Crear | Villager (Male) |
| 22:48 | Crear | Villager (Male) |
| 22:56 | Crear | Villager (Male) |
| 23:02 | Crear | Villager (Male) |
Build order — sansarr_
Primeras 150 de 552 acciones detectadas
| 0:00 | Crear | Villager (Male) |
| 0:01 | Construir | House |
| 0:02 | Construir | House |
| 0:24 | Crear | Villager (Male) |
| 0:24 | Crear | Villager (Male) |
| 0:24 | Crear | Villager (Male) |
| 0:25 | Crear | Villager (Male) |
| 1:27 | Crear | Villager (Male) |
| 2:01 | Crear | Villager (Male) |
| 2:23 | Crear | Villager (Male) |
| 2:34 | Construir | Lumber Camp |
| 2:38 | Construir | House |
| 2:41 | Crear | Villager (Male) |
| 2:41 | Crear | Villager (Male) |
| 3:04 | Crear | Villager (Male) |
| 3:20 | Crear | Villager (Male) |
| 3:56 | Crear | Villager (Male) |
| 3:56 | Crear | Villager (Male) |
| 4:29 | Construir | Mill |
| 4:33 | Crear | Villager (Male) |
| 5:11 | Crear | Villager (Male) |
| 5:20 | Crear | Villager (Male) |
| 5:20 | Crear | Villager (Male) |
| 5:20 | Crear | Villager (Male) |
| 5:43 | Crear | Villager (Male) |
| 5:56 | Construir | House |
| 6:09 | Crear | Villager (Male) |
| 6:28 | Construir | Mill |
| 7:16 | Crear | Villager (Male) |
| 7:29 | Construir | Farm |
| 7:42 | Crear | Villager (Male) |
| 7:44 | Construir | Farm |
| 7:58 | Construir | House |
| 8:04 | Construir | Palisade Wall |
| 8:10 | Crear | Villager (Male) |
| 8:34 | Construir | Farm |
| 8:41 | Crear | Villager (Male) |
| 8:42 | Construir | Farm |
| 8:47 | Investigar | Loom |
| 8:52 | Construir | House |
| 8:52 | Construir | Palisade Wall |
| 8:58 | Construir | Palisade Wall |
| 9:02 | Construir | Palisade Wall |
| 9:02 | Construir | Palisade Wall |
| 9:07 | Construir | Palisade Wall |
| 9:08 | Construir | Palisade Wall |
| 9:10 | Construir | Palisade Wall |
| 9:11 | Construir | Palisade Wall |
| 9:21 | Construir | Palisade Wall |
| 9:24 | Construir | Palisade Wall |
| 9:27 | Construir | Palisade Wall |
| 9:29 | Construir | Palisade Wall |
| 9:29 | Construir | Palisade Wall |
| 9:37 | Investigar | Feudal Age |
| 9:38 | Crear | Villager (Male) |
| 9:39 | Construir | Palisade Wall |
| 9:56 | Construir | Palisade Wall |
| 10:35 | Construir | Palisade Wall |
| 10:44 | Crear | Villager (Male) |
| 11:09 | Construir | Mining Camp |
| 11:11 | Crear | Villager (Male) |
| 11:47 | Edad | Edad Feudal |
| 11:48 | Crear | Villager (Male) |
| 11:52 | Construir | Archery Range |
| 11:56 | Investigar | Double-Bit Axe |
| 12:28 | Crear | Villager (Male) |
| 12:32 | Construir | Blacksmith |
| 12:38 | Crear | Villager (Male) |
| 12:39 | Crear | Archer |
| 12:39 | Crear | Archer |
| 12:59 | Crear | Villager (Male) |
| 13:14 | Crear | Villager (Male) |
| 13:42 | Construir | Lumber Camp |
| 13:44 | Crear | Villager (Male) |
| 13:48 | Construir | Palisade Wall |
| 14:01 | Construir | Palisade Wall |
| 14:01 | Construir | Palisade Wall |
| 14:09 | Construir | Palisade Wall |
| 14:09 | Construir | Palisade Wall |
| 14:23 | Construir | House |
| 14:25 | Crear | Villager (Male) |
| 14:29 | Construir | Palisade Wall |
| 14:33 | Construir | Palisade Wall |
| 14:35 | Construir | House |
| 14:52 | Construir | Palisade Wall |
| 14:52 | Crear | Villager (Male) |
| 14:59 | Construir | House |
| 15:01 | Construir | Palisade Wall |
| 15:02 | Construir | Palisade Wall |
| 15:02 | Crear | Villager (Male) |
| 15:05 | Construir | Palisade Wall |
| 15:05 | Construir | Palisade Wall |
| 15:07 | Construir | Palisade Wall |
| 15:08 | Crear | Villager (Male) |
| 15:10 | Crear | Archer |
| 15:14 | Construir | Palisade Wall |
| 15:15 | Construir | Palisade Gate |
| 15:17 | Crear | Villager (Male) |
| 15:23 | Construir | Palisade Wall |
| 15:25 | Construir | Palisade Wall |
| 15:28 | Construir | Palisade Wall |
| 15:28 | Construir | Palisade Wall |
| 15:35 | Construir | House |
| 15:38 | Construir | Farm |
| 15:59 | Construir | Farm |
| 16:03 | Construir | Farm |
| 16:06 | Construir | Farm |
| 16:07 | Construir | Farm |
| 16:11 | Construir | House |
| 16:32 | Crear | Villager (Male) |
| 16:39 | Investigar | Castle Age |
| 16:39 | Investigar | Castle Age |
| 16:42 | Crear | Archer |
| 16:43 | Crear | Archer |
| 17:02 | Investigar | Horse Collar |
| 17:02 | Investigar | Horse Collar |
| 17:14 | Crear | Villager (Male) |
| 17:29 | Construir | House |
| 17:30 | Construir | Palisade Wall |
| 17:38 | Crear | Archer |
| 17:39 | Investigar | Fletching |
| 17:40 | Investigar | Fletching |
| 18:07 | Crear | Villager (Male) |
| 18:12 | Construir | Palisade Wall |
| 18:43 | Construir | Farm |
| 18:52 | Crear | Archer |
| 19:19 | Edad | Edad de los Castillos |
| 19:20 | Construir | Farm |
| 19:21 | Construir | Siege Workshop |
| 19:23 | Investigar | Crossbowman (upgrade) |
| 19:23 | Investigar | Bodkin Arrow |
| 19:24 | Investigar | Bodkin Arrow |
| 19:56 | Crear | Villager (Male) |
| 19:59 | Construir | Town Center |
| 20:10 | Construir | House |
| 20:13 | Crear | Archer |
| 20:13 | Crear | Archer |
| 20:13 | Crear | Archer |
| 20:26 | Crear | Villager (Male) |
| 20:31 | Crear | Archer |
| 20:39 | Crear | Villager (Male) |
| 20:47 | Crear | Mangonel |
| 20:49 | Construir | House |
| 21:19 | Crear | Villager (Male) |
| 21:21 | Investigar | Bow Saw |
| 21:23 | Construir | Farm |
| 21:28 | Construir | House |
| 21:50 | Crear | Mangonel |
| 22:07 | Crear | Villager (Male) |
| 22:07 | Crear | Villager (Male) |
Cronología de la partida
| 4:15 | HaraKiri_aoe · first_building Barracks |
| 5:43 | HaraKiri_aoe · wall_segment Palisade Wall x4 |
| 7:07 | HaraKiri_aoe · wall_segment Palisade Wall x1 |
| 7:12 | HaraKiri_aoe · wall_segment Palisade Wall x6 |
| 7:13 | HaraKiri_aoe · wall_segment Palisade Wall x5 |
| 7:38 | HaraKiri_aoe · wall_segment Palisade Wall x6 |
| 7:40 | HaraKiri_aoe · wall_segment Palisade Wall x2 |
| 8:04 | sansarr_ · wall_segment Palisade Wall x1 |
| 8:04 | HaraKiri_aoe · wall_segment Palisade Wall x8 |
| 8:52 | sansarr_ · wall_segment Palisade Wall x1 |
| 8:57 | HaraKiri_aoe · wall_segment Palisade Wall x5 |
| 8:58 | sansarr_ · wall_segment Palisade Wall x1 |
| 9:02 | sansarr_ · wall_segment Palisade Wall x9 |
| 9:02 | sansarr_ · wall_segment Palisade Wall x1 |
| 9:07 | sansarr_ · wall_segment Palisade Wall x1 |
| 9:08 | sansarr_ · wall_segment Palisade Wall x1 |
| 9:10 | sansarr_ · wall_segment Palisade Wall x1 |
| 9:11 | sansarr_ · wall_segment Palisade Wall x1 |
| 9:21 | sansarr_ · wall_segment Palisade Wall x1 |
| 9:24 | sansarr_ · wall_segment Palisade Wall x1 |
| 9:27 | sansarr_ · wall_segment Palisade Wall x1 |
| 9:29 | sansarr_ · wall_segment Palisade Wall x1 |
| 9:29 | sansarr_ · wall_segment Palisade Wall x1 |
| 9:39 | sansarr_ · wall_segment Palisade Wall x1 |
| 9:56 | sansarr_ · wall_segment Palisade Wall x1 |
| 10:35 | sansarr_ · wall_segment Palisade Wall x1 |
| 11:47 | sansarr_ · age_up feudal |
| 11:52 | sansarr_ · first_building Archery Range |
| 11:58 | HaraKiri_aoe · wall_segment Palisade Wall x8 |
| 13:48 | sansarr_ · wall_segment Palisade Wall x9 |
| 13:53 | HaraKiri_aoe · age_up feudal |
| 14:01 | sansarr_ · wall_segment Palisade Wall x1 |
| 14:01 | sansarr_ · wall_segment Palisade Wall x1 |
| 14:09 | sansarr_ · wall_segment Palisade Wall x1 |
| 14:09 | sansarr_ · wall_segment Palisade Wall x1 |
| 14:29 | sansarr_ · wall_segment Palisade Wall x1 |
| 14:33 | sansarr_ · wall_segment Palisade Wall x1 |
| 14:52 | sansarr_ · wall_segment Palisade Wall x4 |
| 15:01 | sansarr_ · wall_segment Palisade Wall x8 |
| 15:02 | sansarr_ · wall_segment Palisade Wall x1 |
| 15:05 | sansarr_ · wall_segment Palisade Wall x5 |
| 15:05 | sansarr_ · wall_segment Palisade Wall x1 |
| 15:07 | sansarr_ · wall_segment Palisade Wall x5 |
| 15:14 | sansarr_ · wall_segment Palisade Wall x7 |
| 15:23 | sansarr_ · wall_segment Palisade Wall x7 |
| 15:25 | sansarr_ · wall_segment Palisade Wall x8 |
| 15:28 | sansarr_ · wall_segment Palisade Wall x7 |
| 15:28 | sansarr_ · wall_segment Palisade Wall x1 |
| 17:27 | HaraKiri_aoe · age_up castle |
| 17:30 | sansarr_ · wall_segment Palisade Wall x1 |
| 17:40 | HaraKiri_aoe · first_market_buy 100 wood |
| 18:09 | HaraKiri_aoe · wall_segment Palisade Wall x1 |
| 18:12 | sansarr_ · wall_segment Palisade Wall x1 |
| 18:30 | HaraKiri_aoe · wall_segment Palisade Wall x1 |
| 19:19 | sansarr_ · age_up castle |
| 19:21 | sansarr_ · first_building Siege Workshop |
| 20:25 | HaraKiri_aoe · first_building Siege Workshop |
| 20:44 | HaraKiri_aoe · first_building Monastery |
| 23:10 | sansarr_ · first_building Stable |
| 26:28 | HaraKiri_aoe · first_building Castle |
| 26:34 | sansarr_ · first_building Monastery |
| 30:37 | sansarr_ · wall_segment Palisade Wall x1 |
| 31:08 | sansarr_ · first_market_sell 100 food |
| 31:15 | sansarr_ · wall_segment Palisade Wall x1 |
| 31:16 | sansarr_ · wall_segment Palisade Wall x1 |
| 31:19 | sansarr_ · wall_segment Palisade Wall x1 |
| 31:20 | sansarr_ · wall_segment Palisade Wall x1 |
| 33:13 | sansarr_ · first_market_buy 100 stone |
| 33:45 | sansarr_ · wall_segment Palisade Wall x1 |
| 34:18 | HaraKiri_aoe · first_market_sell 100 wood |
| 34:21 | sansarr_ · age_up imperial |
| 35:16 | HaraKiri_aoe · first_building Stable |
| 35:19 | HaraKiri_aoe · first_building Archery Range |
| 35:27 | sansarr_ · first_building Barracks |
| 35:43 | HaraKiri_aoe · wall_segment Stone Wall x17 |
| 35:51 | HaraKiri_aoe · wall_segment Stone Wall x5 |
| 35:54 | HaraKiri_aoe · wall_segment Stone Wall x12 |
| 36:37 | HaraKiri_aoe · age_up imperial |
| 37:05 | HaraKiri_aoe · wall_segment Stone Wall x1 |
| 37:07 | HaraKiri_aoe · wall_segment Stone Wall x1 |
| 37:13 | HaraKiri_aoe · wall_segment Stone Wall x3 |
| 37:41 | sansarr_ · first_building Castle |
| 38:27 | sansarr_ · wall_segment Stone Wall x6 |
| 39:29 | sansarr_ · wall_segment Palisade Wall x1 |
| 41:29 | sansarr_ · wall_segment Stone Wall x3 |
| 41:30 | sansarr_ · wall_segment Stone Wall x1 |
| 41:30 | sansarr_ · wall_segment Stone Wall x1 |
| 41:30 | HaraKiri_aoe · wall_segment Stone Wall x1 |
| 41:31 | HaraKiri_aoe · wall_segment Stone Wall x1 |
| 41:32 | sansarr_ · wall_segment Stone Wall x2 |
| 41:36 | sansarr_ · wall_segment Stone Wall x12 |
| 43:16 | sansarr_ · wall_segment Stone Wall x1 |
| 45:05 | sansarr_ · resign |
[ ANÁLISIS IA · 1 CRÉDITO ]
¿Qué pasó realmente en esta partida?
Wolo.gg analiza cada decisión: build order, eco, micro, errores típicos por bracket. Análisis personalizado por WhatsApp o Discord en 30 segundos.
Guía civ
Georgianos
Perfil
Jugador #5367941